 Dungeon Crawl Stone Soup version 0.26-a0-18-g135ff06667 (webtiles) character file.

Game seed: 15579227683239307428, levelgen mode: deterministic

10529 Mrkan the Basher (level 11, -3/71 HPs)
             Began as a Gargoyle Fighter on May 25, 2020.
             Was a Priest of Ashenzari.
             Slain by a centaur warrior (6 damage)
             ... on level 11 of the Dungeon.
             The game lasted 00:18:16 (11690 turns).

Mrkan the Basher (Gargoyle Fighter)                Turns: 11690, Time: 00:18:16

Health: -3/71      AC: 22    Str: 21    XL:     11   Next: 63%
Magic:  11/11      EV:  6    Int:  9    God:    Ashenzari [***...]
Gold:   760        SH: 12    Dex: 11    Spells: 10/10 levels left

rFire    + . .     SeeInvis +   v - +6 flail (venom) (curse)
rCold    . . .     Gourm    .   c - +0 kite shield (curse)
rNeg     + . .     Faith    .   x - +0 plate armour (curse)
rPois    ∞         Spirit   .   (no helmet)
rElec    +         Reflect  .   (no cloak)
rCorr    +         Harm     .   (no gloves)
MR       .....                  (no boots)
Stlth    ..........             (no amulet)
HPRegen  0.21/turn              p - ring of resist corrosion
MPRegen  0.12/turn              H - ring of protection from fire

@: invisible
A: negative energy resistance 1, electricity resistance, unbreathing,
petrification resistance, rot immunity, AC +8
a: Curse Item, Scrying, Renounce Religion


You were on level 11 of the Dungeon.
You worshipped Ashenzari.
Ashenzari was most pleased with you.
You were hungry.

You visited 1 branch of the dungeon, and saw 11 of its levels.
You also visited: Sewer and Ossuary.

You collected 760 gold pieces.

Inventory:

Hand Weapons
 s - a +0 flail of draining
 v - a cursed +6 flail of venom (weapon)
Armour
 c - a cursed +0 kite shield (worn)
 x - a cursed +0 plate armour (worn)
Jewellery
 p - a ring of resist corrosion (left hand)
 u - an uncursed ring of fire
 z - the ring of the Queen {rPois rF+++ rN+ MR- Slay+2}
   (You found it on level 5 of the Dungeon)

   [ring of positive energy]

   It affects your accuracy and damage with ranged weapons and melee attacks
   (+2).
   It renders you almost immune to fire.
   It protects you from poison.
   It protects you from negative energy.
   It affects your resistance to hostile enchantments.
 H - a ring of protection from fire (right hand)
 J - an uncursed ring of positive energy
Wands
 y - a wand of disintegration (19)
 F - a wand of random effects (17)
 I - a wand of digging (8)
 L - a wand of flame (9)
Scrolls
 b - a scroll of enchant weapon {unknown}
 g - a scroll of immolation {unknown}
 h - 18 scrolls of identify {unknown}
 i - 6 scrolls of fear {unknown}
 k - a scroll of magic mapping {unknown}
 q - 4 scrolls of blinking {unknown}
 r - a scroll of fog {unknown}
 t - 9 scrolls of teleportation
 w - 3 scrolls of amnesia {unknown}
 C - 5 scrolls of remove curse
 E - 4 scrolls of enchant armour {unknown}
 M - a scroll of noise {unknown}
Potions
 a - a potion of invisibility
 d - 2 potions of haste {unknown}
 e - 3 potions of lignification {unknown}
 j - 10 potions of curing {unknown}
 l - 2 potions of brilliance {unknown}
 m - 8 potions of flight
 n - 2 potions of mutation {unknown}
 o - 2 potions of magic {unknown}
 A - 2 potions of ambrosia {unknown}
 B - a potion of might
 D - a potion of degeneration {unknown}
 G - 3 potions of stabbing {unknown}
Comestibles
 f - 17 rations
 K - 4 chunks of flesh


   Skills:
 + Level 9.6 Fighting
 - Level 11.3(14.0) Maces & Flails
 + Level 9.5 Armour
 + Level 9.5(11.3) Shields


You had 10 spell levels left.
You didn't know any spells.
Your spell library contained the following spells:

 Spells                   Type           Power        Failure   Level  Hunger
 Corona                   Hex            #......      100%        1    ##.....
 Magic Dart               Conj           #...         100%        1    ##.....
 Sandblast                Erth           #.....       100%        1    ##.....
 Blink                    Tloc           N/A          100%        2    ###....
 Call Imp                 Summ           #.......     100%        2    ###....
 Ensorcelled Hibernation  Hex/Ice        #.....       100%        2    ###....
 Passwall                 Tmut/Erth      #.......     100%        2    ###....
 Slow                     Hex            #.......     100%        2    ###....
 Confusing Touch          Hex            #.......     100%        3    ####...
 Conjure Flame            Conj/Fire      #.......     100%        3    ####...
 Dazzling Flash           Conj/Hex       #.....       100%        3    ####...
 Mephitic Cloud           Conj/Pois/Air  #.......     100%        3    ####...
 Stone Arrow              Conj/Erth      #.....       100%        3    ####...
 Tukima's Dance           Hex            #.......     100%        3    ####...
 Petrify                  Tmut/Erth      #.......     100%        4    #####..
 Lee's Rapid Deconstruct  Erth           #.........   100%        5    ######.


Dungeon Overview and Level Annotations

Branches:
Dungeon (11/15)            Temple (0/1) D:6            Lair (0/6) D:9
    Orc (0/2) D:10          Sewer (visited)         Ossuary (visited)

Altars:
Ashenzari
Cheibriados
Elyvilon
Fedhas
Hepliaklqana
Makhleb
Nemelex Xobeh
Qazlal
Trog
Yredelemnul
Zin
The Shining One


Innate Abilities, Weirdness & Mutations

You are resistant to torment.
Your stone body is resilient. (AC +8)
You are immune to poison.
You resist negative energy. (rN+)
You are resistant to electric shocks. (rElec)
You can survive without breathing.
You are immune to petrification.
You are immune to rotting.


Message History

You bludgeon the centaur warrior!!
The centaur warrior looks as sick as possible!
The centaur warrior is heavily wounded.
The centaur warrior hits you.
Your plate armour prevents you from hitting the centaur warrior.
The centaur warrior is heavily wounded.
You block the centaur warrior's attack. The troll bites you.
* * * LOW HITPOINT WARNING * * *
The troll claws you but does no damage. x2
You bludgeon the troll!!
The troll is heavily wounded.
You block the centaur warrior's attack. The troll bites you!
* * * LOW HITPOINT WARNING * * *
The troll claws you!
* * * LOW HITPOINT WARNING * * *
You block the troll's attack.
It was a potion of invisibility.
You fade into invisibility!
The centaur warrior hits you.
You die...

, ##...# , * ....#
### ,*_...., , *
....,* ...# ,+ ...* *
, ...# ...# .... *
#..###..# .#.... * *
####...#cT# ...... *
* *.......#@# *......
,,*.......(####......
* *
.................. ,
....$....#........ *
########+#>....#+# ,
****#.........+ , , ,
+.........# , , ,
,,#.........#
,#...÷.....#, *


You could see a centaur warrior (extremely poisoned) and a troll.

Vanquished Creatures
  2 two-headed ogres
  An ugly thing (D:11)
  An efreet (D:11)
  A troll (D:8)
  Grinder (D:5)
  3 hippogriffs
  Sigmund (D:4)
  A wyvern (D:9)
  Eustachio (D:6)
  4 hogs (D:7)
  6 yaks (D:8)
  A human (D:7)
  3 hungry ghosts (D:10)
  Edmund (D:5)
  Duvessa (D:5)
  4 ice beasts
  5 sky beasts
  An orc warrior (D:8)
  4 black bears
  A necrophage (D:10)
  2 phantoms
  6 ogres
  4 centaurs
  A big kobold (D:11)
  3 bullfrogs
  3 elf zombies (Ossuary)
  Dowan (D:5)
  2 scorpions
  2 troll zombies (D:10)
  6 killer bees
  3 wights (D:9)
  A howler monkey (D:4)
  A bullfrog zombie (D:6)
  A crimson imp (D:8)
  3 centaur zombies (Ossuary)
  A jelly (D:11)
  A human zombie (Ossuary)
  4 hounds
  2 quasits
  3 centaur skeletons
  5 orc priests
  2 orc wizards
  A bullfrog skeleton (D:5)
  3 iguanas
  2 worker ants
  A merfolk siren (Sewer)
  2 killer bee zombies (D:6)
  A merfolk avatar (Sewer)
  4 ogre zombies (D:10)
  A big kobold zombie (Ossuary)
  A hound zombie (D:7)
  2 mummies (Ossuary)
  10 gnolls
  5 river rats
  14 adders
  3 shadow imps
  An ooze (D:3)
  An adder zombie (Ossuary)
  6 worms
  6 leopard geckos
  26 orcs
  5 ball pythons
  10 giant cockroaches
  8 hobgoblins
  9 jackals
  6 quokkas
  10 bats
  8 frilled lizards
  8 goblins
  2 goblin skeletons (D:10)
  3 goblin zombies (D:10)
  2 hobgoblin skeletons (D:10)
  10 hobgoblin zombies
  2 jackal zombies (Ossuary)
  9 kobolds
  8 kobold zombies (Ossuary)
  2 leopard gecko skeletons
  2 leopard gecko zombies
  2 orc skeletons (D:10)
  18 orc zombies
  A quokka skeleton (D:8)
  27 rats
342 creatures vanquished.

Notes
Turn   | Place    | Note
-------+----------+-------------------------------------------
     0 | D:1      | Mrkan the Gargoyle Fighter began the quest for the Orb.
     0 | D:1      | Reached XP level 1. HP: 14/14 MP: 1/1
   193 | D:1      | Reached XP level 2. HP: 19/19 MP: 2/2
   947 | D:2      | Found a shattered altar of Ashenzari.
   965 | D:2      | Became a worshipper of Ashenzari the Shackled
  1045 | D:2      | Reached XP level 3. HP: 21/23 MP: 3/3
  1407 | D:2      | Reached skill level 3 in Maces & Flails
  1517 | D:2      | Reached XP level 4. HP: 15/29 MP: 4/4
  1831 | D:2      | Noticed a sky beast
  1859 | D:2      | Killed a sky beast
  1859 | D:2      | Reached XP level 5. HP: 20/33 MP: 5/5
  2387 | D:3      | Found a glowing drain.
  2421 | D:3      | Reached skill level 4 in Maces & Flails
  2451 | Sewer    | Entered a sewer
  2587 | Sewer    | Reached XP level 6. HP: 36/38 MP: 6/6
  3543 | D:3      | Reached * piety under Ashenzari
  3786 | D:3      | Found a sparkling altar of Nemelex Xobeh.
  4046 | D:3      | Reached XP level 7. HP: 44/44 MP: 7/7
  4342 | D:4      | Noticed Sigmund
  4362 | D:4      | Killed Sigmund
  4362 | D:4      | Reached skill level 5 in Fighting
  4362 | D:4      | Reached skill level 5 in Maces & Flails
  4362 | D:4      | Reached skill level 5 in Armour
  4362 | D:4      | Reached skill level 5 in Shields
  5324 | D:5      | Entered Level 5 of the Dungeon
  5337 | D:5      | Noticed Grinder
  5344 | D:5      | Reached XP level 8. HP: 40/50 MP: 8/8
  5353 | D:5      | Paralysed by Grinder for 2 turns
  5369 | D:5      | Killed Grinder
  5369 | D:5      | Reached skill level 6 in Maces & Flails
  5850 | D:5      | Noticed Edmund
  5866 | D:5      | Killed Edmund
  5866 | D:5      | Reached skill level 7 in Maces & Flails
  5926 | D:5      | Reached XP level 9. HP: 37/56 MP: 9/9
  6000 | D:5      | Found a sand-covered staircase.
  6008 | Ossuary  | Entered an ossuary
  6719 | D:5      | Noticed Dowan
  6720 | D:5      | Noticed Duvessa
  6721 | D:5      | Identified the ring of the Queen {rPois rF+++ rN+ MR-
                  | Slay+2}
  6734 | D:5      | Killed Duvessa
  6734 | D:5      | Reached skill level 8 in Maces & Flails
  6749 | D:5      | Killed Dowan
  7092 | D:6      | Noticed Eustachio
  7093 | D:6      | Identified the +3 leather armour "Acwa" {rC++ Int+3}
  7381 | D:6      | Killed Eustachio
  7622 | D:6      | Found a burning altar of Makhleb.
  7861 | D:6      | Found a staircase to the Ecumenical Temple.
  8035 | D:7      | Reached ** piety under Ashenzari
  8048 | D:7      | Found a stormy altar of Qazlal.
  8069 | D:7      | Found a blossoming altar of Fedhas.
  8122 | D:7      | Found a white marble altar of Elyvilon.
  8367 | D:7      | Reached XP level 10. HP: 63/63 MP: 10/10
  8378 | D:7      | Reached skill level 9 in Maces & Flails
  8489 | D:7      | Found a snail-covered altar of Cheibriados.
  8495 | D:7      | Found a glowing golden altar of the Shining One.
  8854 | D:8      | Noticed a two-headed ogre
  8864 | D:8      | Killed a two-headed ogre
  9097 | D:8      | Reached skill level 10 in Maces & Flails
  9103 | D:8      | Found a bloodstained altar of Trog.
  9135 | D:8      | Found a hazy altar of Hepliaklqana.
  9137 | D:8      | Found a sparkling altar of Nemelex Xobeh.
  9137 | D:8      | Found a glowing silver altar of Zin.
  9442 | D:8      | Reached XP level 11. HP: 67/69 MP: 11/11
 10279 | D:9      | Reached *** piety under Ashenzari
 10393 | D:9      | Found a staircase to the Lair.
 10394 | D:9      | Identified the +3 trident "Killer Klown's Peril"
                  | {antimagic, Int+4 Dex+5}
 10678 | D:10     | Entered Level 10 of the Dungeon
 10730 | D:10     | Noticed a two-headed ogre
 10739 | D:10     | Killed a two-headed ogre
 10739 | D:10     | Reached skill level 11 in Maces & Flails
 10783 | D:10     | Found a staircase to the Orcish Mines.
 11650 | D:11     | Noticed a cyan ugly thing
 11651 | D:11     | Noticed a centaur warrior
 11673 | D:11     | Killed a cyan ugly thing
 11674 | D:11     | Found a basalt altar of Yredelemnul.
 11689 | D:11     | HP: 3/71 [troll (8)]
 11690 | D:11     | Slain by a centaur warrior

Illustrated notes

Levels and vault maps discovered:
D:1:      lightli_arrival_statue_moat, layout_basic
D:2:      layout_basic, evilmike_ruin_ashenzari, first_ration, minivault_25
D:3:      layout_loops_corners, portal_sewer_entry_b,
          nemelex_xobeh_ov_fountains_minmay
D:4:      mumra_celtic_spiral_tile, layout_basic, uniq_sigmund
D:5:      layout_basic, nicolae_ossuary_entry_plus, uniq_edmund, uniq_duvessa,
          uniq_grinder
D:6:      layout_rooms, old_standard_altar, minmay_temple_entry_overgrown,
          uniq_eustachio
D:7:      layout_basic, elyvilon_altar_3, fedhas_altar_2, minitemple,
          serial_curves, eino_curves_04, eino_curves_04, grunt_livestock
D:8:      layout_basic, trog_ov_bears_minmay,
          chequers_temple_overflow_statue_of_worship
D:9:      layout_grid_maze, lair_entry_dummy
D:10:     layout_irregular_city, zombieorc1_lemuel
D:11:     layout_gridville, minmay_ruined_shrine

Skill      XL: |  1  2  3  4  5  6  7  8  9 10 11 |
---------------+----------------------------------+-----
Maces & Flails | 3 4 5 7 8 10 11 | 11.3
Fighting       | 4 5 6 7 8 9 |  9.6
Armour         | 4 5 6 7 8 9 |  9.5
Shields        | 4 5 6 7 8 9 |  9.5

Action                   |  1- 3 |  4- 6 |  7- 9 | 10-12 || total
-------------------------+-------+-------+-------+-------++-------
Melee: Flail             |   156 |   379 |   478 |   353 ||  1366
Invok: Curse Item        |     1 |     1 |     1 |       ||     3
  Use: Potion            |       |       |     1 |     1 ||     2
 Stab: Distracted        |       |       |       |     1 ||     1
  Eat: Chunk             |     2 |     9 |    12 |    13 ||    36
       Ration            |       |       |     1 |       ||     1
Armor: Scale mail        |   105 |   189 |       |       ||   294
       Plate armour      |       |    13 |   320 |   172 ||   505
Dodge: Dodged            |    60 |   125 |    88 |    49 ||   322
Block: Kite shield       |    96 |   203 |   256 |   195 ||   750

Table legend:
 A = Non-vault XP
 B = Vault XP
 C = Vault XP percentage of total XP
 D = Non-vault monster count
 E = Vault monster count
 F = Vault count percentage of total count
                 A         B        C        D         E       F
            +---------+---------+-------+---------+---------+-------
      Total |    9661 |    5381 |  35.8 |     206 |     136 |  39.8
            +---------+---------+-------+---------+---------+-------
        D:1 |      23 |       0 |   0.0 |      15 |       0 |   0.0
        D:2 |     204 |       0 |   0.0 |      24 |       0 |   0.0
        D:3 |     164 |      39 |  19.2 |      46 |       8 |  14.8
        D:4 |     326 |     223 |  40.6 |      10 |       1 |   9.1
        D:5 |    1175 |     688 |  36.9 |      24 |       4 |  14.3
        D:6 |     450 |     203 |  31.1 |      19 |       1 |   5.0
        D:7 |     627 |     970 |  60.7 |      11 |       5 |  31.2
        D:8 |    3610 |     250 |   6.5 |      27 |       2 |   6.9
        D:9 |    1469 |       0 |   0.0 |      21 |       0 |   0.0
       D:10 |    1469 |     793 |  35.1 |       7 |      28 |  80.0
       D:11 |     144 |    1461 |  91.0 |       2 |       8 |  80.0
      Sewer |       0 |     197 | 100.0 |       0 |      40 | 100.0
    Ossuary |       0 |     557 | 100.0 |       0 |      39 | 100.0
            +---------+---------+-------+---------+---------+-------
